[ AOE2 MATCH · #505469624 ]
UnrankedGoths vs Persians
Player's team · WIN
Rival team · LOSS
[ REPLAY ANALYSIS · EXTRACTED FROM THE RECORDED GAME ]
Feudal
24:31
Castle
35:53
Imperial
—
| APM avg | 44.7 |
| APM peak | 79 |
| eAPM avg | 16.4 |
| Villagers / military | 72 / 59 |
Focus
⚔️ 34.1% · 🌾 65.9%
Militia ×59
Feudal
30:57
Castle
34:26
Imperial
—
| APM avg | 31.7 |
| APM peak | 79 |
| eAPM avg | 20.3 |
| Villagers / military | 88 / 0 |
Focus
⚔️ 18.4% · 🌾 81.6%
Match map
Initial resources + every placement click. Lines = walls · curves = elevation contours. ◆ gold · ⬟ stone · ● berries · ✦ relic · ◌ wall gap
Your base· Open — 5t gap
Failey's base· Open — unwalled flank
Smoothed initial terrain · ◌ = detected wall gap · hover for details
Inputs per minute
— SaintedByArmor - - Failey
Build order — SaintedByArmor
First 150 of 229 actions detected
| 0:00 | Create | Villager (Male) |
| 0:01 | Create | Villager (Male) |
| 0:02 | Build | House |
| 0:03 | Build | House |
| 0:18 | Create | Villager (Male) |
| 0:18 | Create | Villager (Male) |
| 0:19 | Create | Villager (Male) |
| 1:33 | Create | Villager (Male) |
| 2:01 | Create | Villager (Male) |
| 2:24 | Create | Villager (Male) |
| 2:54 | Create | Villager (Male) |
| 2:54 | Create | Villager (Male) |
| 3:14 | Build | Barracks |
| 3:23 | Create | Villager (Male) |
| 3:51 | Build | House |
| 4:03 | Create | Villager (Male) |
| 4:12 | Create | Militia |
| 4:12 | Create | Militia |
| 4:13 | Create | Militia |
| 4:19 | Build | House |
| 4:36 | Create | Villager (Male) |
| 5:02 | Create | Villager (Male) |
| 5:03 | Create | Militia |
| 5:04 | Create | Militia |
| 5:13 | Create | Militia |
| 5:29 | Create | Villager (Male) |
| 5:30 | Create | Militia |
| 5:55 | Build | Mill |
| 5:56 | Create | Villager (Male) |
| 6:02 | Build | House |
| 6:16 | Create | Villager (Male) |
| 6:30 | Create | Villager (Male) |
| 7:06 | Create | Villager (Male) |
| 7:06 | Create | Villager (Male) |
| 7:11 | Build | Mining Camp |
| 7:36 | Build | House |
| 8:02 | Create | Villager (Male) |
| 8:10 | Create | Villager (Male) |
| 8:16 | Create | Militia |
| 8:17 | Create | Militia |
| 8:36 | Create | Villager (Male) |
| 8:37 | Create | Militia |
| 8:37 | Create | Militia |
| 9:00 | Build | Lumber Camp |
| 9:03 | Create | Militia |
| 9:13 | Build | Lumber Camp |
| 9:15 | Create | Militia |
| 9:15 | Create | Militia |
| 9:16 | Create | Villager (Male) |
| 9:16 | Create | Villager (Male) |
| 9:30 | Create | Villager (Male) |
| 9:30 | Create | Villager (Male) |
| 9:37 | Build | House |
| 10:33 | Build | Lumber Camp |
| 10:34 | Create | Villager (Male) |
| 10:42 | Build | House |
| 10:45 | Create | Militia |
| 10:59 | Research | Loom |
| 11:01 | Create | Villager (Male) |
| 11:08 | Create | Militia |
| 11:08 | Create | Militia |
| 11:09 | Create | Villager (Male) |
| 11:20 | Create | Militia |
| 12:10 | Create | Villager (Male) |
| 12:10 | Create | Villager (Male) |
| 12:16 | Build | Palisade Wall |
| 12:47 | Build | Lumber Camp |
| 12:58 | Create | Villager (Male) |
| 12:59 | Create | Villager (Male) |
| 13:23 | Create | Villager (Male) |
| 13:30 | Build | House |
| 13:32 | Build | House |
| 13:33 | Build | House |
| 13:38 | Create | Militia |
| 16:32 | Create | Militia |
| 16:39 | Build | Mill |
| 17:12 | Build | Lumber Camp |
| 20:28 | Build | Town Center |
| 20:57 | Build | Palisade Wall |
| 20:58 | Build | Palisade Wall |
| 21:31 | Create | Villager (Male) |
| 21:32 | Create | Villager (Male) |
| 21:57 | Research | Feudal Age |
| 22:17 | Build | Barracks |
| 22:34 | Build | Palisade Wall |
| 22:35 | Build | Palisade Wall |
| 22:37 | Build | Palisade Wall |
| 22:40 | Build | Palisade Wall |
| 22:42 | Build | Palisade Wall |
| 22:44 | Build | Palisade Wall |
| 22:48 | Build | Palisade Wall |
| 22:51 | Build | Palisade Wall |
| 22:53 | Build | Palisade Wall |
| 22:56 | Build | Palisade Wall |
| 23:00 | Create | Militia |
| 23:02 | Create | Militia |
| 23:05 | Create | Villager (Male) |
| 23:05 | Create | Villager (Male) |
| 23:09 | Build | Farm |
| 23:12 | Build | Farm |
| 23:27 | Build | Farm |
| 23:30 | Create | Militia |
| 23:30 | Create | Militia |
| 23:50 | Create | Militia |
| 24:02 | Build | Lumber Camp |
| 24:14 | Create | Militia |
| 24:31 | Build | Farm |
| 24:31 | Age | Feudal Age |
| 24:33 | Research | Man-at-Arms (upgrade) |
| 24:52 | Build | Palisade Wall |
| 24:55 | Create | Villager (Male) |
| 25:03 | Build | Farm |
| 25:08 | Build | Farm |
| 25:15 | Build | Farm |
| 25:25 | Build | Farm |
| 25:27 | Create | Villager (Male) |
| 25:28 | Create | Villager (Male) |
| 25:55 | Build | Farm |
| 25:56 | Create | Villager (Male) |
| 25:56 | Create | Villager (Male) |
| 26:02 | Build | Farm |
| 26:19 | Create | Villager (Male) |
| 26:30 | Build | Farm |
| 26:33 | Create | Villager (Male) |
| 26:35 | Build | Farm |
| 26:45 | Build | Farm |
| 26:54 | Build | Farm |
| 27:03 | Research | Double-Bit Axe |
| 27:08 | Build | Farm |
| 27:16 | Create | Villager (Male) |
| 27:19 | Build | Farm |
| 27:25 | Create | Militia |
| 27:41 | Create | Villager (Male) |
| 27:49 | Build | Farm |
| 27:53 | Research | Horse Collar |
| 27:53 | Research | Horse Collar |
| 28:02 | Create | Villager (Male) |
| 28:02 | Create | Villager (Male) |
| 28:13 | Build | Farm |
| 28:17 | Create | Militia |
| 28:20 | Create | Villager (Male) |
| 28:21 | Create | Villager (Male) |
| 28:34 | Build | Farm |
| 28:37 | Create | Militia |
| 28:46 | Create | Militia |
| 28:47 | Create | Villager (Male) |
| 28:47 | Create | Villager (Male) |
| 28:59 | Create | Villager (Male) |
| 29:02 | Build | Farm |
| 29:23 | Build | Mining Camp |
Build order — Failey
First 150 of 173 actions detected
| 0:01 | Create | Villager (Male) |
| 0:01 | Create | Villager (Male) |
| 0:01 | Create | Villager (Male) |
| 0:02 | Create | Villager (Male) |
| 0:03 | Build | House |
| 0:04 | Build | House |
| 0:12 | Create | Villager (Male) |
| 0:30 | Research | Loom |
| 0:30 | Create | Villager (Male) |
| 0:33 | Create | Villager (Male) |
| 1:45 | Create | Villager (Male) |
| 2:46 | Create | Villager (Male) |
| 2:52 | Create | Villager (Male) |
| 2:52 | Create | Villager (Male) |
| 3:24 | Create | Villager (Male) |
| 3:24 | Create | Villager (Male) |
| 4:13 | Create | Villager (Male) |
| 4:13 | Create | Villager (Male) |
| 4:35 | Create | Villager (Male) |
| 4:39 | Create | Villager (Male) |
| 5:05 | Build | House |
| 5:25 | Create | Villager (Male) |
| 5:36 | Create | Villager (Male) |
| 5:44 | Create | Villager (Male) |
| 6:03 | Build | House |
| 6:07 | Create | Villager (Male) |
| 6:29 | Build | Lumber Camp |
| 6:35 | Create | Villager (Male) |
| 6:42 | Build | Mill |
| 6:48 | Create | Villager (Male) |
| 6:58 | Build | House |
| 7:01 | Build | House |
| 7:25 | Build | House |
| 7:32 | Create | Villager (Male) |
| 7:35 | Build | Palisade Wall |
| 7:46 | Build | Palisade Wall |
| 8:07 | Build | House |
| 8:21 | Build | House |
| 8:42 | Create | Villager (Male) |
| 8:58 | Create | Villager (Male) |
| 9:39 | Create | Villager (Male) |
| 9:47 | Create | Villager (Male) |
| 10:45 | Build | Town Center |
| 11:59 | Create | Villager (Male) |
| 12:14 | Create | Villager (Male) |
| 12:14 | Create | Villager (Male) |
| 12:15 | Build | House |
| 12:34 | Create | Villager (Male) |
| 12:34 | Create | Villager (Male) |
| 12:40 | Create | Villager (Male) |
| 12:41 | Create | Villager (Male) |
| 12:41 | Create | Villager (Male) |
| 12:53 | Build | Palisade Wall |
| 13:20 | Build | House |
| 13:50 | Build | House |
| 13:51 | Build | House |
| 17:06 | Build | Farm |
| 18:07 | Build | Farm |
| 18:10 | Build | Farm |
| 19:04 | Create | Villager (Male) |
| 19:04 | Create | Villager (Male) |
| 19:21 | Build | Mill |
| 19:42 | Create | Villager (Male) |
| 20:12 | Create | Villager (Male) |
| 20:29 | Create | Villager (Male) |
| 20:29 | Create | Villager (Male) |
| 20:36 | Create | Villager (Male) |
| 20:36 | Create | Villager (Male) |
| 21:15 | Build | Farm |
| 21:22 | Create | Villager (Male) |
| 21:22 | Create | Villager (Male) |
| 21:55 | Create | Villager (Male) |
| 21:57 | Create | Villager (Male) |
| 22:01 | Build | Lumber Camp |
| 22:06 | Create | Villager (Male) |
| 22:06 | Create | Villager (Male) |
| 22:29 | Build | House |
| 22:43 | Create | Villager (Male) |
| 22:52 | Create | Villager (Male) |
| 23:00 | Build | Lumber Camp |
| 23:01 | Create | Villager (Male) |
| 23:01 | Create | Villager (Male) |
| 23:25 | Create | Villager (Male) |
| 23:33 | Build | Farm |
| 23:56 | Build | Farm |
| 24:03 | Create | Villager (Male) |
| 24:07 | Build | Farm |
| 24:14 | Build | Farm |
| 24:50 | Build | House |
| 24:51 | Build | Palisade Wall |
| 24:55 | Build | Palisade Wall |
| 25:01 | Create | Villager (Male) |
| 25:05 | Build | House |
| 25:24 | Build | Farm |
| 25:29 | Build | Palisade Wall |
| 25:31 | Create | Villager (Male) |
| 25:35 | Build | Palisade Wall |
| 25:37 | Create | Villager (Male) |
| 25:42 | Create | Villager (Male) |
| 25:46 | Build | Farm |
| 25:52 | Build | Palisade Wall |
| 26:01 | Build | Farm |
| 26:02 | Create | Villager (Male) |
| 26:18 | Build | Palisade Wall |
| 26:19 | Build | Palisade Wall |
| 26:20 | Create | Villager (Male) |
| 26:32 | Build | Farm |
| 26:32 | Build | Farm |
| 26:33 | Build | Farm |
| 26:35 | Build | Farm |
| 26:37 | Create | Villager (Male) |
| 26:43 | Create | Villager (Male) |
| 26:43 | Create | Villager (Male) |
| 27:01 | Build | Mining Camp |
| 27:05 | Create | Villager (Male) |
| 27:10 | Build | Farm |
| 27:14 | Build | Farm |
| 27:32 | Build | Farm |
| 27:35 | Build | Farm |
| 27:50 | Create | Villager (Male) |
| 27:57 | Build | Farm |
| 28:00 | Create | Villager (Male) |
| 28:53 | Research | Feudal Age |
| 29:14 | Build | Barracks |
| 30:22 | Build | House |
| 30:30 | Build | House |
| 30:48 | Create | Villager (Male) |
| 30:54 | Build | House |
| 30:57 | Age | Feudal Age |
| 31:07 | Build | Market |
| 31:13 | Build | Blacksmith |
| 31:14 | Create | Villager (Male) |
| 31:18 | Build | House |
| 31:28 | Create | Villager (Male) |
| 31:44 | Build | House |
| 31:54 | Build | House |
| 32:01 | Research | Castle Age |
| 32:04 | Build | House |
| 32:12 | Create | Villager (Male) |
| 32:43 | Build | Farm |
| 32:53 | Build | House |
| 33:29 | Build | Watch Tower |
| 34:26 | Age | Castle Age |
| 34:48 | Build | Town Center |
| 34:55 | Create | Villager (Male) |
| 34:55 | Create | Villager (Male) |
| 35:11 | Create | Villager (Male) |
| 35:26 | Create | Villager (Male) |
| 35:26 | Create | Villager (Male) |
| 35:30 | Create | Villager (Male) |
Match timeline
| 3:14 | SaintedByArmor · first_building Barracks |
| 7:35 | Failey · wall_segment Palisade Wall x4 |
| 7:46 | Failey · wall_segment Palisade Wall x1 |
| 12:16 | SaintedByArmor · wall_segment Palisade Wall x1 |
| 12:53 | Failey · wall_segment Palisade Wall x1 |
| 20:57 | SaintedByArmor · wall_segment Palisade Wall x1 |
| 20:58 | SaintedByArmor · wall_segment Palisade Wall x1 |
| 22:34 | SaintedByArmor · wall_segment Palisade Wall x1 |
| 22:35 | SaintedByArmor · wall_segment Palisade Wall x1 |
| 22:37 | SaintedByArmor · wall_segment Palisade Wall x1 |
| 22:40 | SaintedByArmor · wall_segment Palisade Wall x1 |
| 22:42 | SaintedByArmor · wall_segment Palisade Wall x1 |
| 22:44 | SaintedByArmor · wall_segment Palisade Wall x1 |
| 22:48 | SaintedByArmor · wall_segment Palisade Wall x1 |
| 22:51 | SaintedByArmor · wall_segment Palisade Wall x1 |
| 22:53 | SaintedByArmor · wall_segment Palisade Wall x1 |
| 22:56 | SaintedByArmor · wall_segment Palisade Wall x1 |
| 24:31 | SaintedByArmor · age_up feudal |
| 24:51 | Failey · wall_segment Palisade Wall x1 |
| 24:52 | SaintedByArmor · wall_segment Palisade Wall x1 |
| 24:55 | Failey · wall_segment Palisade Wall x3 |
| 25:29 | Failey · wall_segment Palisade Wall x1 |
| 25:35 | Failey · wall_segment Palisade Wall x14 |
| 25:52 | Failey · wall_segment Palisade Wall x5 |
| 26:18 | Failey · wall_segment Palisade Wall x1 |
| 26:19 | Failey · wall_segment Palisade Wall x1 |
| 29:14 | Failey · first_building Barracks |
| 30:57 | Failey · age_up feudal |
| 31:57 | Failey · first_market_buy 100 food |
| 33:13 | Failey · first_market_sell 100 food |
| 34:26 | Failey · age_up castle |
| 35:53 | SaintedByArmor · age_up castle |
| 37:22 | Failey · wall_segment Stone Wall x5 |
| 38:38 | SaintedByArmor · first_market_sell 100 food |
| 38:39 | SaintedByArmor · first_market_buy 100 stone |
| 38:50 | SaintedByArmor · first_building Castle |
| 39:08 | Failey · resign |
[ AI ANALYSIS · 1 CREDIT ]
What really happened in this match?
Wolo.gg analyzes every decision: build order, eco, micro, common mistakes by bracket. Personalized analysis on WhatsApp or Discord in 30 seconds.
Civ guide
Goths
Perfil
Jugador #13797156